 Dungeon Crawl Stone Soup version 0.26-a0-49-g0e6732e (webtiles) character file.

Game seed: 16456732489680477041

681 Ayyar the Skirmisher (level 7, -7/56 HPs)
             Began as a Formicid Abyssal Knight on June 3, 2020.
             Was a Believer of Lugonu.
             Mangled by an ogre
             ... wielding a +0 giant spiked club
              (10 damage)
             ... on level 4 of the Dungeon on June 4, 2020.
             The game lasted 00:22:32 (6616 turns).

Ayyar the Skirmisher (Formicid Abyssal Knight)      Turns: 6616, Time: 00:22:32

Health: -7/56      AC:  6    Str: 16 (18) XL:     7   Next: 92%
Magic:  10/10      EV: 11    Int:  9 (12) God:    Lugonu [**....]
Gold:   223        SH:  0    Dex:  9 (10) Spells: 6/6 levels left

rFire    . . .     SeeInvis +   a - +1 spear
rCold    . . .     Gourm    .   (no shield)
rNeg     . . .     Faith    .   v - +0 ring mail
rPois    .         Spirit   .   (helmet unavailable)
rElec    .         Reflect  .   (no cloak)
rCorr    .         Harm     .   (no gloves)
MR       .....                  (no boots)
Stlth    ..........             (no amulet)
HPRegen  0.18/turn              (no ring)
MPRegen  0.12/turn              (no ring)

@: no status effects
A: permanent stasis, dig shafts and tunnels, four strong arms, antennae 3
a: Dig, Shaft Self, Depart the Abyss, Bend Space, Renounce Religion


You were on level 4 of the Dungeon.
You worshipped Lugonu.
Lugonu was pleased with you.
You were hungry.

You visited 1 branch of the dungeon, and saw 5 of its levels.
You visited the Abyss 1 time.

You collected 223 gold pieces.

Inventory:

Hand Weapons
 a - a +1 spear (weapon)
Missiles
 i - 28 poisoned darts (quivered)
 t - 7 boomerangs
Armour
 v - a +0 ring mail (worn)
Jewellery
 b - an uncursed amulet of faith {unknown}
 m - an uncursed amulet of guardian spirit {unknown}
 q - a +4 ring of protection {unknown}
Wands
 p - a wand of paralysis (8)
 s - a wand of flame (19)
Scrolls
 d - 4 scrolls of remove curse
 e - a scroll of enchant armour {unknown}
 g - 3 scrolls of noise {unknown}
 h - a scroll of fog {unknown}
 j - 3 scrolls of identify {unknown}
 l - a scroll of blinking {unknown}
 o - a scroll of amnesia {unknown}
 r - a scroll of enchant weapon {unknown}
 u - a scroll of random uselessness {unknown}
 x - 2 scrolls of teleportation {unknown}
Miscellaneous
 w - a box of beasts
Comestibles
 c - 6 rations


   Skills:
 + Level 5.0 Fighting
 + Level 4.0 Polearms
 + Level 4.5 Armour
 + Level 3.1 Dodging
 + Level 4.8 Invocations


You had 6 spell levels left.
You didn't know any spells.
Your spell library contained the following spells:

 Spells                   Type           Power        Failure   Level  Hunger
 Corona                   Hex            #......      58%         1    ##.....
 Ensorcelled Hibernation  Hex/Ice        #.....       73%         2    ###....
 Confusing Touch          Hex            #.......     91%         3    ####...
 Dazzling Flash           Conj/Hex       #.....       91%         3    ####...
 Tukima's Dance           Hex            #.......     91%         3    ####...


Dungeon Overview and Level Annotations

Branches:
Dungeon (5/15)
 Temple: D:4-7

Altars:
Fedhas
Hepliaklqana
Kikubaaqudgha
Makhleb
Wu Jian
Zin


Innate Abilities, Weirdness & Mutations

You cannot be hasted, slowed, berserked, paralysed or teleported.
You can dig through walls and to a lower floor.
Your four strong arms can wield two-handed weapons with a shield.
You have a pair of large antennae on your head. (SInv)


Message History

The ogre is moderately wounded.
The ogre barely misses you.
You hit the ogre.
The ogre is heavily wounded.
You barely miss the ogre.
The ogre is heavily wounded.
The ogre hits you with a +0 giant spiked club!!
* * * LOW HITPOINT WARNING * * *
You completely miss the ogre.
The ogre is heavily wounded.
The ogre misses you.
You hit the ogre.
The ogre is severely wounded.
You hit the ogre.
The ogre is severely wounded.
The ogre closely misses you.
You hit the ogre but do no damage.
The ogre is severely wounded.
The ogre hits you with a +0 giant spiked club!
You die...

#'##........................#....
#.#........##.........(>....#...#
###.........#.##(.........####...
.............###.....#....# ###.
........#....#......#####.######.
........####............#.##.....
..##....#...#.......##...........
...##..........O...########...###
...>###....#....@..# ####...#.
......##...#.......## ###.##.....
...#..<..#..........###...##.....
...##...###..............(.....#.
...##.....#..................####
#(..#........................# #
..[...##.##.....#......<..#.## #
......#.#.#...............###
......#...#..#............#.###


You could see an ogre.

Vanquished Creatures
  A sky beast (D:4)
  5 hounds
  A jelly (D:4)
  An orc wizard (D:3)
  A bullfrog skeleton (D:4)
  An iguana (D:4)
  5 worker ants
  A hound skeleton (D:4)
  3 gnolls
  6 adders
  An ooze (D:3)
  2 worms (D:3)
  3 dart slugs
  5 leopard geckos
  7 orcs
  3 giant cockroaches
  5 goblins
  7 hobgoblins
  2 jackals (D:1)
  11 kobolds
  A quokka (D:3)
  A ball python zombie (D:4)
  8 bats
  7 frilled lizards
  A quokka skeleton (D:4)
  11 rats
100 creatures vanquished.

Vanquished Creatures (others)
  A worker ant (D:3)
  An adder (D:3)
2 creatures vanquished.

Grand Total: 102 creatures vanquished

Notes
Turn   | Place    | Note
-------+----------+-------------------------------------------
     0 | Abyss:1  | Ayyar the Formicid Abyssal Knight began the quest for the
                  | Orb.
     0 | Abyss:1  | Reached XP level 1. HP: 18/18 MP: 2/2
    91 | Abyss:1  | Noticed a large abomination
    92 | D:1      | Escaped the Abyss
   178 | D:1      | Reached skill level 1 in Dodging
   262 | D:1      | Reached * piety under Lugonu
   262 | D:1      | Reached XP level 2. HP: 12/24 MP: 3/3
   516 | D:1      | Reached XP level 3. HP: 25/29 MP: 4/4
   792 | D:1      | Upgraded the game from 0.26-a0-43-g20b394c to
                  | 0.26-a0-49-g0e6732e
  1538 | D:2      | Reached XP level 4. HP: 3/37 MP: 6/6
  2558 | D:3      | Reached ** piety under Lugonu
  2652 | D:3      | Reached XP level 5. HP: 29/42 MP: 7/7
  2658 | D:3      | Reached skill level 4 in Fighting
  3594 | D:3      | Reached XP level 6. HP: 16/48 MP: 8/8
  3995 | D:4      | Found an ancient bone altar of Kikubaaqudgha.
  3997 | D:4      | Found a burning altar of Makhleb.
  3998 | D:4      | Found a hazy altar of Hepliaklqana.
  3998 | D:4      | Found a blossoming altar of Fedhas.
  3999 | D:4      | Found a glowing silver altar of Zin.
  4000 | D:4      | Found an ornate altar of the Wu Jian Council.
  4374 | D:4      | Noticed a sky beast
  4402 | D:4      | Reached XP level 7. HP: 53/55 MP: 10/10
  5217 | D:4      | Reached *** piety under Lugonu
  5680 | D:5      | Entered Level 5 of the Dungeon
  6107 | D:3      | Reached skill level 5 in Fighting
  6612 | D:4      | HP: 2/56 [ogre/+0 giant spiked club (24)]
  6616 | D:4      | Mangled by an ogre

Illustrated notes

Levels and vault maps discovered:
D:1:      dpeg_arrival_court, layout_basic, minmay_pentomino_p2
D:2:      layout_basic
D:3:      layout_loops_ring, first_ration
D:4:      minmay_clustersquares, layout_cave_pools, grunt_temple_overflow_open,
          minmay_distorted
D:5:      layout_basic, grunt_gozag_breadcrumbs, minmay_temple_entry_crystal_x,
          serial_shops, nicolae_shop_overgrown_old_shop, uniq_grinder,
          uniq_crazy_yiuf_cottage, uniq_sigmund

Skill      XL: |  1  2  3  4  5  6  7 |
---------------+----------------------+-----
Dodging        | 1 2 3 |  3.1
Invocations    | 3 4 |  4.8
Armour         | 3 4 |  4.5
Fighting       | 4 5 |  5.0
Polearms       | 3 4 |  4.0

Action                   |  1- 3 |  4- 6 |  7- 9 || total
-------------------------+-------+-------+-------++-------
Melee: Spear             |   101 |   236 |   169 ||   506
Throw: Dart              |     3 |     3 |     2 ||     8
Invok: Depart the Abyss  |     1 |       |       ||     1
       Banish            |       |       |     2 ||     2
  Use: Potion            |       |     1 |     4 ||     5
       Scroll            |       |     1 |       ||     1
 Stab: Sleeping          |       |     3 |       ||     3
  Eat: Chunk             |     2 |     9 |     4 ||    15
       Ration            |       |       |     1 ||     1
Armor: Leather armour    |    15 |     8 |       ||    23
       Ring mail         |       |    34 |    41 ||    75
Dodge: Dodged            |    35 |   103 |   101 ||   239

Table legend:
 A = Non-vault XP
 B = Vault XP
 C = Vault XP percentage of total XP
 D = Non-vault monster count
 E = Vault monster count
 F = Vault count percentage of total count
                 A         B        C        D         E       F
            +---------+---------+-------+---------+---------+-------
      Total |     707 |     267 |  27.4 |      91 |      11 |  10.8
            +---------+---------+-------+---------+---------+-------
        D:1 |      37 |       4 |   9.8 |      22 |       1 |   4.3
        D:2 |      63 |       0 |   0.0 |      17 |       0 |   0.0
        D:3 |     230 |       0 |   0.0 |      35 |       0 |   0.0
        D:4 |     317 |     263 |  45.3 |      14 |      10 |  41.7
        D:5 |      60 |       0 |   0.0 |       3 |       0 |   0.0
            +---------+---------+-------+---------+---------+-------
